 Dungeon Crawl Stone Soup version 0.19.1 (webtiles) character file.

366 FortunaImperatrix the Shield-Bearer (level 6, 0/53 HPs)
             Began as a Minotaur Fighter on Dec 4, 2016.
             Killed from afar by Blork the orc (7 damage)
             ... with a puff of flame
             ... on level 4 of the Dungeon.
             The game lasted 00:06:55 (914 turns).

FortunaImperatrix the Shield-Bearer (MiFi)           Turns: 914, Time: 00:06:56

Health: 0/53       AC:  7    Str: 22    XL:     6   Next: 40%
Magic:  5/5        EV:  8    Int:  5    God:
Gold:   121        SH: 10    Dex: 10    Spells: 0 memorised, 5 levels left

rFire  . . .     SeeInvis .     a - +0 war axe
rCold  . . .     Gourm    .     b - +0 scale mail
rNeg   . . .     Faith    .     c - +0 shield
rPois  .         Spirit   .     (helmet restricted)
rElec  .         Reflect  .     (no cloak)
rCorr  .         Harm     .     (no gloves)
MR     .....                    (no boots)
Stlth  ..........               (no amulet)
                                (no ring)
                                (no ring)

@: no status effects
A: retaliatory headbutt, horns 2
a: no special abilities


You were on level 4 of the Dungeon.
You were hungry.

You visited 1 branch of the dungeon, and saw 4 of its levels.

You collected 121 gold pieces.

Inventory:

Hand Weapons
 a - a +0 war axe (weapon)
 u - a +0 blowgun
Missiles
 i - 46 poisoned needles
Armour
 b - a +0 scale mail (worn)
 c - a +0 shield (worn)
Jewellery
 m - an uncursed amulet of faith {unknown}
Scrolls
 e - 2 scrolls of identify {unknown}
 g - a scroll of blinking {unknown}
 h - 2 scrolls of teleportation {unknown}
 k - a scroll of fear {unknown}
 o - 3 scrolls of recharging {unknown}
 r - a scroll of fog {unknown}
 s - a scroll of enchant armour {unknown}
 t - a scroll of enchant weapon {unknown}
Potions
 d - a potion of might
 j - a potion of lignification {unknown}
 n - 2 potions of curing {unknown}
 p - a potion of haste
 q - a potion of cancellation {unknown}
Comestibles
 f - 3 bread rations
 l - 3 meat rations


   Skills:
 + Level 4.3 Fighting
 + Level 4.9 Axes
 + Level 5.1 Armour
 - Level 0.2 Dodging
 * Level 6.1 Shields


You had 5 spell levels left.
You didn't know any spells.

Dungeon Overview and Level Annotations

Branches:
Dungeon (4/15)
 Temple: D:4-7

Altars:
Cheibriados
Kikubaaqudgha
Nemelex Xobeh
Vehumet
Zin

Portals:
Ossuary: D:4

Annotations:
D:4 Blork the orc


Innate Abilities, Weirdness & Mutations

You reflexively headbutt those who attack you in melee.
You have a pair of horns on your head.


Message History

You hit Blork the orc but do no damage.
Blork the orc is severely wounded.
Blork the orc looks encouraged for a moment.
Blork the orc hits you with a halberd.
You hit Blork the orc.
Blork the orc is severely wounded.
Blork the orc points at you and mumbles some strange words.
The puff of flame hits you!
* * * LOW HITPOINT WARNING * * *
You closely miss Blork the orc. You headbutt Blork the orc.
Blork the orc is severely wounded.
Blork the orc screams, "I'm going to kill you!"
You block Blork the orc's attack. Blork the orc hits you with a halberd!
* * * LOW HITPOINT WARNING * * *
You barely miss Blork the orc.
Blork the orc is severely wounded.
Blork the orc zaps a wand.
You block the puff of flame.
It is a wand of flame.
Blork the orc points at you and mumbles some strange words.
The puff of flame hits you!
You die...

(#####..P(())##
#.♣......PP.##
('........P###..#♣.P.....P.P#
.####...♣###....#P♣.P..♣♣PPP#
).......# #...###P♣♣.♣P♣P##
#.#.#.##.. ... ##PP♣..PP#
<#.#.# .### #.. #.♣♣.♣### .#
#.# .#...#..#####♣..# .# #.#
.#.....o....#♣.♣# ## #.#
[##.....@.#)#♣.# #.
#..##.#...#.## ..#.....#.#
...........# #...#.(..#.##
#...#....#.# #.. #....#.# #.#
#.#....# ...######


You could see Blork the orc.

Vanquished Creatures
  A phantom (D:4)
  An ogre (D:4)
  A big kobold (D:4)
  A crimson imp (D:4)
  A hound (D:4)
  An adder (D:3)
  An ooze (D:1)
  3 leopard geckos
  2 ball pythons
  4 bats
  4 giant cockroaches
  A goblin (D:2)
  5 hobgoblins
  A quokka (D:4)
  24 kobolds
  2 rats
  7 plants (D:4)
60 creatures vanquished.

Vanquished Creatures (others)
  A plant (D:4)
1 creature vanquished.

Grand Total: 61 creatures vanquished

Notes
Turn   | Place    | Note
-------+----------+-------------------------------------------
     0 | D:1      | FortunaImperatrix the Minotaur Fighter began the quest for the Orb.
     0 | D:1      | Reached XP level 1. HP: 19/19 MP: 0/0
   160 | D:1      | Reached skill level 4 in Shields
   160 | D:1      | Reached XP level 2. HP: 27/27 MP: 1/1
   306 | D:2      | Reached XP level 3. HP: 30/33 MP: 2/2
   402 | D:4      | Noticed an ogre
   406 | D:4      | Killed an ogre
   406 | D:4      | Reached skill level 5 in Shields
   406 | D:4      | Reached XP level 4. HP: 20/40 MP: 3/3
   493 | D:4      | Reached XP level 5. HP: 37/46 MP: 4/4
   525 | D:4      | Found a snail-covered altar of Cheibriados.
   592 | D:4      | Found a sand-covered staircase.
   608 | D:4      | Found a sparkling altar of Nemelex Xobeh.
   608 | D:4      | Found an ancient bone altar of Kikubaaqudgha.
   608 | D:4      | Found a radiant altar of Vehumet.
   608 | D:4      | Found a glowing silver altar of Zin.
   647 | D:4      | Noticed a phantom
   657 | D:4      | Killed a phantom
   734 | D:4      | Reached XP level 6. HP: 40/52 MP: 5/5
   787 | D:4      | Reached skill level 5 in Armour
   787 | D:4      | Reached skill level 6 in Shields
   902 | D:4      | Noticed Blork the orc
   914 | D:4      | Killed from afar by Blork the orc

Skill      XL: |  1  2  3  4  5  6 |
---------------+-------------------+-----
Shields        | 4 5 6 |  6.1
Armour         | 4 5 |  5.1
Axes           | 3 4 |  4.9
Fighting       | 4 |  4.3
Dodging        | |  0.2

Action                   |  1- 3 |  4- 6 || total
-------------------------+-------+-------++-------
Melee: War axe           |    49 |   130 ||   179
       Headbutt          |     5 |    20 ||    25
Armor: Scale mail        |    25 |    47 ||    72
Dodge: Dodged            |    21 |    27 ||    48
Block: Shield            |    31 |    50 ||    81
